 Dungeon Crawl Stone Soup version 0.21.1-1-g345015f (webtiles) character file.

57 inc the Ducker (level 3, -1/15 HPs)
             Began as a Felid Transmuter on Mar 13, 2018.
             Was an Initiate of Wu Jian.
             Slain by an ice beast (14 damage)
             ... on level 5 of the Dungeon.
             The game lasted 00:07:00 (4588 turns).

inc the Ducker (Felid Transmuter)                   Turns: 4588, Time: 00:07:01

Health: -1/15      AC:  1    Str:  6    XL:     3   Next: 73%
Magic:  7/7        EV: 22    Int: 15    God:    Wu Jian [......]
Gold:   171        SH:  0    Dex: 16    Spells: 3/6 levels left
                                        Lives:  0   Deaths: 1

rFire    . . .     SeeInvis +     - Unarmed
rCold    . . .     Gourm    .   (shield unavailable)
rNeg     . . .     Faith    .   (armour unavailable)
rPois    .         Spirit   .   (helmet unavailable)
rElec    .         Reflect  .   (cloak unavailable)
rCorr    .         Harm     .   (gloves unavailable)
MR       .....                  (boots unavailable)
Stlth    ++........             h - amulet of magic regeneration
HPRegen  0.05/turn              d - ring of wizardry
MPRegen  0.35/turn              (no ring)

@: appendage, quick
A: very small, no armour, no weapons or thrown items, stealth, claws 1, fangs 3,
horns 2, see invisible, carnivore, speed 1, shaggy fur 1, slow metabolism 1,
sharp paws
a: End Transformation, Renounce Religion


You were on level 5 of the Dungeon.
You worshipped Wu Jian.
Wu Jian was noncommittal.
You were not hungry.
You had grown temporary horns.
You visited 2 branches of the dungeon, and saw 6 of its levels.

You collected 171 gold pieces.

Inventory:

Missiles
 a - 66 arrows
Jewellery
 d - a ring of wizardry (left paw)
 h - an amulet of magic regeneration (around neck)
 n - an uncursed amulet of faith
Scrolls
 f - 2 scrolls of amnesia {unknown}
 g - a scroll of magic mapping {unknown}
 i - 2 scrolls of blinking {unknown}
 m - a scroll of enchant weapon {unknown}
 o - a scroll of enchant armour {unknown}
 q - a scroll of fear {unknown}
 r - 2 scrolls of teleportation {unknown}
Potions
 e - a potion of curing {unknown}
 j - a potion of magic
 l - a potion of agility
 p - a potion of heal wounds {unknown}
 s - 2 potions of haste {unknown}
Books
 b - a book of Changes

   Spells                             Type                      Level
   a - Beastly Appendage              Transmutation                1
   b - Sticks to Snakes               Transmutation                2
   c - Spider Form                    Transmutation/Poison         3
   d - Ice Form                       Ice/Transmutation            4
   e - Blade Hands                    Transmutation                5
Comestibles
 c - 4 rations


   Skills:
 - Level 1.0 Fighting
 + Level 6.4 Dodging
 - Level 3.0 Unarmed Combat
 - Level 2.0 Spellcasting
 - Level 2.1 Transmutations


You had 3 spell levels left.
You knew the following spells:

 Your Spells              Type           Power        Failure   Level  Hunger
a - Beastly Appendage     Tmut           #.....       3%          1    #......
b - Sticks to Snakes      Tmut           #.......     6%          2    ###....


Dungeon Overview and Level Annotations

Branches:
Dungeon (5/15)             Temple (1/1) D:4

Altars:
Ashenzari
Cheibriados
Elyvilon
Fedhas
Gozag
Hepliaklqana
Kikubaaqudgha
Makhleb
Okawaru
Qazlal
Ru
Sif Muna
Trog
Uskayaw
Vehumet
Wu Jian
Xom
Yredelemnul
The Shining One

Annotations:
D:3 buskinjo's ghost, amateur DgIE
D:4 Exporg's ghost, amateur GrFi


Innate Abilities, Weirdness & Mutations

You cannot wear armour.
You are incapable of wielding weapons or throwing items.
Your paws allow you to move quietly. (Stealth)
You have sharp claws.
You have razor-sharp teeth.
You have supernaturally acute eyesight. (SInv)
You are carnivorous and can eat meat at any time.
You cover ground quickly.
You are covered in fur. (AC +1)
You have a slow metabolism.
Your sharp claws are effective at attacking unaware monsters.
You have a pair of horns on your head.


Message History

r - 2 scrolls labeled PEAFYU BOPO (gained 1)
You start resting.
Magic restored.
You start resting.
Your adder withers and dies! x2
HP restored.
There is a stone staircase leading up here.
You now have 171 gold pieces (gained 4).
A ball python and an ice beast come into view.
There are monsters nearby!
The ball python hisses angrily.
Casting: Sticks to Snakes
Confirm with . or Enter, or press ? or * to list all spells.
You grow a pair of large bovine horns.
You scratch the ice beast but do no damage.
You headbutt the ice beast.
The ice beast is lightly wounded.
The ice beast hits you. The ice beast freezes you!
Ouch! That really hurt!
You die...

#+###########
#.##.....@..# # .
######..###.###Y##.#....
#........##.# #.........
#.<...♣.....# #.S#.#....
#........#### #...... .
######..## #........
#.## #........# ###
#......... #.........


You could see an ice beast and a ball python.

Vanquished Creatures
  An adder (D:3)
  2 oozes (D:1)
  3 dart slugs
  A worm (D:2)
  2 leopard geckos
  7 orcs (D:4)
  2 giant cockroaches
  4 goblins
  5 hobgoblins
  A jackal (D:2)
  5 kobolds
  A quokka (D:3)
  A ball python (D:2)
  7 bats
  8 frilled lizards
  5 rats
55 creatures vanquished.

Vanquished Creatures (collateral kills)
  2 shadow imps (D:5)
  A worm (D:3)
  A goblin (D:1)
4 creatures vanquished.

Grand Total: 59 creatures vanquished

Notes
Turn   | Place    | Note
-------+----------+-------------------------------------------
     0 | D:1      | inc the Felid Transmuter began the quest for the Orb.
     0 | D:1      | Reached XP level 1. HP: 9/9 MP: 4/4
     7 | D:1      | Reached skill level 3 in Dodging
   108 | D:1      | Reached XP level 2. HP: 12/12 MP: 6/6
   117 | D:1      | Learned a level 2 spell: Sticks to Snakes
   151 | D:1      | Reached skill level 4 in Dodging
  1010 | D:1      | Reached XP level 3. HP: 15/15 MP: 7/7
  1131 | D:1      | Reached skill level 5 in Dodging
  2196 | D:3      | Noticed buskinjo's ghost (amateur DgIE)
  2532 | D:3      | Reached XP level 4. HP: 18/19 MP: 6/8
  2947 | D:4      | Found a snail-covered altar of Cheibriados.
  3243 | D:4      | Reached skill level 6 in Dodging
  3327 | D:4      | Slain by a worker ant
  3328 | D:4      | Reached XP level 3. HP: -1/15 MP: 7/7
  3388 | D:4      | Found a staircase to the Ecumenical Temple.
  3395 | Temple   | Entered the Ecumenical Temple
  3729 | Temple   | Became a worshipper of the Wu Jian Council
  3863 | D:4      | Found a hide-covered altar of Uskayaw.
  4115 | D:4      | Found an opulent altar of Gozag.
  4163 | D:4      | Found a basalt altar of Yredelemnul.
  4164 | D:4      | Noticed Exporg's ghost (amateur GrFi)
  4175 | D:3      | Found an ancient bone altar of Kikubaaqudgha.
  4274 | D:5      | Entered Level 5 of the Dungeon
  4582 | D:5      | Noticed an ice beast
  4588 | D:5      | Slain by an ice beast

Skill      XL: |  1  2  3  4 |
---------------+-------------+-----
Dodging        | 3 4 5 6 |  6.4
Fighting       | |  1.0
Unarmed Combat | |  3.0
Spellcasting   | |  2.0
Transmutations | |  2.1

Action                   |  1- 3 |  4- 6 || total
-------------------------+-------+-------++-------
Melee: Unarmed           |   178 |    40 ||   218
       Headbutt          |     8 |     1 ||     9
       Bite              |     8 |     1 ||     9
       Punch             |     2 |       ||     2
 Cast: Beastly Appendage |    15 |     3 ||    18
       Sticks to Snakes  |    13 |     8 ||    21
Invok: Lunge             |     1 |       ||     1
  Use: Scroll            |     2 |     1 ||     3
       Potion            |     1 |     2 ||     3
 Stab: Sleeping          |     7 |       ||     7
  Eat: Chunk             |     2 |     2 ||     4
Armor: Skin              |     7 |       ||     7
Dodge: Dodged            |   155 |    39 ||   194
